 Dungeon Crawl Stone Soup version 0.30.0-29-ga12c61a403 (webtiles) character file.

Game seed: 7230643894960957041

8901 Graphine the Magus (level 11, -2/90 HPs)
             Began as a Demonspawn Monk on June 24, 2023.
             Was an Elder of Nemelex Xobeh.
             Slain by a catoblepas (3 damage)
             ... on level 1 of the Lair of Beasts.
             The game lasted 00:19:38 (6443 turns).

Graphine the Magus (Demonspawn Monk)                Turns: 6443, Time: 00:19:38

Health: -2/90      AC:  8    Str: 19    XL:     11   Next: 16%
Magic:  20/20      EV: 18    Int: 12    God:    Nemelex Xobeh [****..]
Gold:   512        SH:  4    Dex: 15    Spells: 10/10 levels left

rFire   + . .        q - +4 morningstar "Irhosey" {freeze, SInv}
rCold   + + .        (no shield)
rNeg    . . .        o - +2 robe {Will+}
rPois   .            (helmet restricted)
rElec   +            E - scarf {rC+ rF+}
rCorr   .            (no gloves)
SInv    +            (no boots)
Will    +....        k - amulet of regeneration
Stlth   +            u - +4 ring of protection
HPRegen 1.15/turn    a - ring "Fostraq" {+Blink rElec rC+ Str+3}
MPRegen 0.17/turn

%: no passive effects
@: studying Dodging
A: hooves 2, horns 2, condensation shield, demonic touch 2
a: Renounce Religion, Evoke Blink, Draw Escape, Draw Destruction, Draw
Summoning, Triple Draw, Deal Four


You were on level 1 of the Lair of Beasts.
You worshipped Nemelex Xobeh.
Nemelex Xobeh was greatly pleased with you.
You visited 2 branches of the dungeon, and saw 9 of its levels.

You collected 1704 gold pieces.
You spent 1192 gold pieces at shops.

Inventory:

Hand Weapons
 q - the +4 morningstar "Irhosey" (weapon) {freeze, SInv}
   (You bought it in a shop on level 2 of the Dungeon)

   SInv:      It lets you see invisible.
 J - a +3 flail
Missiles
 L - 2 throwing nets (quivered)
Armour
 d - an orb of light
 o - a +2 robe of willpower (worn)
 t - a +3 kite shield
 E - a scarf of resistance (worn)
Magical Staves
 h - a staff of cold
Jewellery
 a - the ring "Fostraq" (right hand) {+Blink rElec rC+ Str+3}
   (You acquired it on level 2 of the Dungeon)

   [ring of protection from cold]

   Str:       It affects your strength (+3).
   rC:        It protects you from cold.
   rElec:     It insulates you from electricity.
   +Blink:    It lets you blink.
 k - an amulet of regeneration (around neck)
 l - a ring of resist corrosion
 p - a ring of ice
 s - a ring of poison resistance
 u - a +4 ring of protection (left hand)
 y - an amulet of reflection
 A - a ring of flight
 P - a ring of fire
Wands
 f - a wand of flame (35)
 r - a wand of quicksilver (22)
 D - a wand of mindburst (12)
 H - a wand of roots (15)
 K - a wand of polymorph (7)
Scrolls
 g - a scroll of fog
 i - 2 scrolls of poison
 v - 2 scrolls of immolation
 w - 3 scrolls of enchant armour
 x - a scroll of vulnerability
 I - 5 scrolls of amnesia
 M - a scroll of identify
 O - a scroll of teleportation
 Q - a scroll of magic mapping
 R - a scroll of enchant weapon {unknown}
Potions
 b - a potion of curing
 c - 2 potions of ambrosia
 e - 2 potions of magic
 j - a potion of attraction
 m - 2 potions of haste
 n - 3 potions of flight
 z - 2 potions of brilliance
 B - 2 potions of might
 C - a potion of lignification
 G - a potion of invisibility
 S - a potion of degeneration {unknown}
Miscellaneous
 F - a phial of floods


   Skills:
 * Level 9.9 Fighting
 + Level 6.7 Maces & Flails
 * Level 12.1 Dodging
 * Level 12.1 Invocations


You had 10 spell levels left.
You didn't know any spells.
Your spell library contained the following spells:

 Spells                   Type           Power      Damage    Failure   Level
 Summon Guardian Golem    Hex/Summ       0%         N/A       69%         3
 Orb of Destruction       Conj           0%         9d5       100%        7
 Spellforged Servitor     Conj/Summ      0%         N/A       100%        7


Dungeon Overview and Level Annotations

Branches:
Dungeon (9/15)             Temple (0/1) D:6            Lair (1/5) D:9
    Orc: D:9-12

Altars:
Fedhas
Hepliaklqana
Nemelex Xobeh
Sif Muna
Trog
Vehumet
Wu Jian
Yredelemnul

Shops:
D:1 [   D:2 *:((   D:3 *   D:9 *


Innate Abilities, Weirdness & Mutations

You have hoof-like feet.
You have a pair of horns on your head.
A meltable shield of frost defends you. (SH +4)
Your touch may inflict irresistible damage on your foes.


Message History

You hit the catoblepas. You freeze the catoblepas.
Your touch misses the catoblepas.
The catoblepas is severely wounded.
The catoblepas gores you!!
You have turned to stone.
The catoblepas breathes a plume of calcifying dust at you.
The blast of calcifying dust hits you.
You are engulfed in calcifying dust.
The catoblepas gores you!
You are engulfed in calcifying dust.
The catoblepas gores you!
* * * LOW HITPOINT WARNING * * *
You are engulfed in calcifying dust.
The catoblepas gores you.
* * * LOW HITPOINT WARNING * * *
The catoblepas gores you but does no damage.
The catoblepas gores you!!
* * * LOW HITPOINT WARNING * * *
The catoblepas gores you!
* * * LOW HITPOINT WARNING * * *
The catoblepas gores you!
* * * LOW HITPOINT WARNING * * *
You turn to flesh and can move again.
You feel much better. The catoblepas gores you!
* * * LOW HITPOINT WARNING * * *
Hit: q) +4 morningstar "Irhosey" {freeze, SInv}
Press: ? - help, Dir - move target, f/p - catoblepas
Aim: a catoblepas (heavily wounded, about 9% to evade the +4 morningstar "Irhosey")
You barely miss the catoblepas.
You kick the catoblepas, but do no damage.
You headbutt the catoblepas, but do no damage.
The catoblepas is heavily wounded.
The catoblepas completely misses you.
Hit: q) +4 morningstar "Irhosey" {freeze, SInv}
Press: ? - help, Dir - move target, f/p - catoblepas
Aim: a catoblepas (heavily wounded, about 9% to evade the +4 morningstar "Irhosey")
You hit the catoblepas but do no damage.
You kick the catoblepas, but do no damage.
The catoblepas is heavily wounded.
The catoblepas gores you!!
* * * LOW HITPOINT WARNING * * *
The catoblepas gores you.
You die...
Your body disappears without a glow.

#........# #...... #....S..##
####..... ..#####...# .P#
###.....P.#.
.........###.###............#
.......§....................#
.#..>§##.....#.##............
(..§Y....##..###............#
..§.8....##Y##P#.............
.Y#.#...†..#@................
. # ###....##................
###...#................
#...##...............
.....................
8.....8.............#.
...........###......#.
###....###.## #.....###
...#.###.###.....# #


You could see a catoblepas.

Vanquished Creatures
  2 two-headed ogres
  Amaemon (D:9)
  Pikel (D:4)
  2 cane toads (Lair:1)
  An orange demon (D:9)
  Maggie (D:6)
  2 komodo dragons
  2 hornets (D:9)
  Grinder (D:6)
  Prince Ribbit (D:6)
  A wyvern (D:7)
  A basilisk (Lair:1)
  2 steam dragons
  6 water moccasins
  A black bear (D:9)
  A sky beast (D:6)
  5 centaurs
  A phantom (D:6)
  A kobold brigand (D:7)
  Blork the orc (D:4)
  A gnoll sergeant (D:7)
  7 bullfrogs
  17 wights
  6 killer bees (D:8)
  2 jellies
  4 orc priests
  3 hounds
  A gnoll bouda (D:8)
  2 sleepcaps
  3 iguanas (D:6)
  7 orc wizards
  10 gnolls
  4 adders
  A white imp (D:7)
  3 worms (D:2)
  21 orcs
  4 bats (D:1)
  6 endoplasms
  2 giant cockroaches
  10 goblins
  5 hobgoblins
  3 quokkas
  7 ball pythons
  A frilled lizard (D:1)
  5 kobolds
  4 rats
173 creatures vanquished.

Notes
Turn   | Place    | Note
-------+----------+-------------------------------------------
     0 | D:1      | Graphine the Demonspawn Monk began the quest for the Orb.
     0 | D:1      | Reached XP level 1. HP: 18/18 MP: 1/1
    23 | D:1      | Found Tomux's Armour Emporium.
    80 | D:1      | Reached skill level 1 in Invocations
   218 | D:1      | Discovered your monstrous ancestry.
   218 | D:1      | Gained mutation: You have a pair of small horns on your
                  | head. [demonic ancestry]
   218 | D:1      | Reached XP level 2. HP: 24/24 MP: 2/2
   647 | D:1      | Found a faded altar of an unknown god.
   736 | D:2      | Found Hejuf's Book Shop.
   835 | D:2      | Found Suhios's Antique Weapon Boutique.
   859 | D:2      | Found Femoikkia's Antique Weapon Boutique.
  1021 | D:2      | Reached XP level 3. HP: 29/29 MP: 4/4
  1036 | D:2      | Found Hoklao's General Store.
  1066 | D:2      | Found a sparkling altar of Nemelex Xobeh.
  1080 | D:2      | Became a worshipper of Nemelex Xobeh the Trickster
  1080 | D:2      | Reached * piety under Nemelex Xobeh
  1080 | D:2      | Received a gift from Nemelex Xobeh
  1080 | D:2      | Reached ** piety under Nemelex Xobeh
  1330 | D:2      | Identified a scroll of acquirement
  1344 | D:3      | Found Zin's Purification Station.
  1702 | D:2      | Bought an iridescent morningstar for 198 gold pieces
  1702 | D:2      | Identified the +4 morningstar "Irhosey" {freeze, SInv} (You
                  | bought it in a shop on level 2 of the Dungeon)
  1718 | D:2      | Acquired the ring "Fostraq" {+Blink rElec rC+ Str+3}
  2339 | D:3      | Acquired 1075 gold pieces
  2400 | D:2      | Bought a manual of Dodging for 960 gold pieces
  2449 | D:4      | Noticed Pikel
  2449 | D:4      | Noticed a lemure
  2449 | D:4      | Noticed a lemure
  2470 | D:4      | Killed Pikel
  2471 | D:4      | Reached skill level 5 in Fighting
  2471 | D:4      | Reached skill level 5 in Dodging
  2471 | D:4      | Reached skill level 5 in Invocations
  2471 | D:4      | Gained mutation: A meltable shield of frost defends you.
                  | (SH +4) [demonic ancestry]
  2471 | D:4      | Reached XP level 4. HP: 11/39 MP: 4/7
  2471 | D:4      | Gained mutation: You have a pair of horns on your head.
                  | [demonic ancestry]
  2471 | D:4      | Reached XP level 5. HP: 13/44 MP: 4/8
  2471 | D:4      | Reached XP level 6. HP: 15/51 MP: 4/9
  2471 | D:4      | Gained mutation: Your touch may inflict minor irresistible
                  | damage on your foes. [demonic ancestry]
  2471 | D:4      | Reached XP level 7. HP: 17/56 MP: 4/10
  2527 | D:4      | Noticed Blork the orc
  2534 | D:4      | Killed Blork the orc
  2713 | D:4      | You fall into a shaft and drop 3 floors!
  2723 | D:6      | Noticed Grinder
  2763 | D:6      | Paralysed by Grinder for 5 turns
  2773 | D:6      | Killed Grinder
  2777 | D:6      | Gained mutation: You have large cloven feet. [demonic
                  | ancestry]
  2777 | D:6      | Reached XP level 8. HP: 58/64 MP: 12/12
  2868 | D:6      | Reached *** piety under Nemelex Xobeh
  2894 | D:6      | Found a staircase to the Ecumenical Temple.
  3009 | D:6      | Received a gift from Nemelex Xobeh
  3060 | D:6      | Noticed Maggie
  3076 | D:6      | Killed Maggie
  3212 | D:6      | Noticed Prince Ribbit
  3221 | D:6      | Killed Prince Ribbit
  3236 | D:6      | Gained mutation: Your touch may inflict irresistible damage
                  | on your foes. [demonic ancestry]
  3236 | D:6      | Reached XP level 9. HP: 70/71 MP: 15/15
  3338 | D:6      | Reached skill level 5 in Maces & Flails
  3887 | D:7      | Found a shimmering blue altar of Sif Muna.
  3887 | D:7      | Found a basalt altar of Yredelemnul.
  3887 | D:7      | Found a blossoming altar of Fedhas.
  3888 | D:7      | Found a bloodstained altar of Trog.
  3888 | D:7      | Found an ornate altar of the Wu Jian Council.
  3889 | D:7      | Found a hazy altar of Hepliaklqana.
  3890 | D:7      | Found a radiant altar of Vehumet.
  3921 | D:7      | Received a gift from Nemelex Xobeh
  4470 | D:8      | Reached skill level 10 in Invocations
  4473 | D:8      | Reached skill level 10 in Dodging
  4800 | D:8      | Noticed a two-headed ogre
  4806 | D:8      | Killed a two-headed ogre
  4807 | D:8      | Gained mutation: You have hoof-like feet. [demonic
                  | ancestry]
  4807 | D:8      | Reached XP level 10. HP: 82/82 MP: 17/17
  4967 | D:8      | Reached **** piety under Nemelex Xobeh
  5284 | D:9      | Found a staircase to the Lair.
  5390 | D:9      | Noticed a two-headed ogre
  5394 | D:9      | Killed a two-headed ogre
  5469 | D:9      | Noticed Amaemon
  5469 | D:9      | Noticed an orange demon
  5501 | D:9      | Killed Amaemon
  5576 | D:9      | Killed an orange demon
  5593 | D:9      | Received a gift from Nemelex Xobeh
  5761 | D:9      | Reached XP level 11. HP: 90/90 MP: 19/19
  5771 | D:9      | Found Futeompel's General Store.
  5868 | D:9      | Bought a scroll of identify for 34 gold pieces
  6084 | Lair:1   | Entered Level 1 of the Lair of Beasts
  6304 | Lair:1   | Received a gift from Nemelex Xobeh
  6413 | Lair:1   | Noticed a catoblepas
  6443 | Lair:1   | HP: 1/90 [catoblepas (28)]
  6443 | Lair:1   | Slain by a catoblepas

Illustrated notes

Levels and vault maps discovered:
D:1:      shiori_arrival_maze, layout_rooms,
          shapermc_ecumenical_altar_mp_vishouse, serial_shops, shop,
          minmay_misc_feat_ornament, nrook_mini_backslash
D:2:      layout_loops_ring, basic_altar, serial_shops,
          nicolae_shop_statue_plus, nicolae_shop_hallway_plus,
          nicolae_shop_hallway_stairs, nicolae_shop_pleasant_corner_grove
D:3:      layout_basic, zin_purify, guppyfry_early_orc_mine
D:4:      layout_rooms, serial_bayou_ford_a, uniq_blork_the_orc, uniq_pikel
D:6:      layout_basic, minmay_temple_entry_purple_smoke, minivault_22,
          uniq_maggie, uniq_prince_ribbit1, uniq_grinder
D:7:      layout_loops_ring, grunt_temple_overflow_open
D:8:      layout_loops_cross, patterned_corridor
D:9:      layout_loops_corners, due_lair_maze_entry_diamond, serial_shops, shop,
          uniq_amaemon
Lair:1:   layout_cave_pods, eino_small_chamber_without_monster,
          grunt_megastairs_5, infiniplex_staircase_pool_2, serial_bayou_shore_b,
          lemuel_fruit_fields, lemuel_fruit_fields

Skill      XL: |  1  2  3  4  5  6  7  8  9 10 11 |
---------------+----------------------------------+-----
Invocations    | 1 2 5 6 8 10 11 12 | 12.1
Maces & Flails | 3 4 5 6 |  6.7
Dodging        | 5 6 8 10 11 12 | 12.1
Fighting       | 5 6 8 9 |  9.9

Action                     |  1- 3 |  4- 6 |  7- 9 | 10-12 || total
---------------------------+-------+-------+-------+-------++-------
  Melee: Mace              |    76 |       |       |       ||    76
         Headbutt          |    11 |       |    29 |    30 ||    70
         Morningstar       |    22 |       |   197 |   136 ||   355
         Touch             |       |       |    26 |    25 ||    51
         Kick              |       |       |    44 |    52 ||    96
         Punch             |       |       |     1 |       ||     1
 Invoke: Draw Escape       |       |       |     2 |       ||     2
         Draw Destruction  |       |       |     2 |       ||     2
  Evoke: Wand              |       |       |     7 |     1 ||     8
    Use: Scroll            |    13 |       |    11 |     3 ||    27
         Potion            |       |       |       |     4 ||     4
   Stab: Sleeping          |       |       |     3 |       ||     3
 Armour: Robe              |    10 |       |    50 |    37 ||    97
  Dodge: Dodged            |    48 |       |   180 |   158 ||   386
  Block: Other             |       |       |    42 |    24 ||    66
